 Dungeon Crawl Stone Soup version 0.32-a0-612-g1c984fe9d1 (webtiles) character file.

Game seed: 9732055087839795143

5399 backslashecho the Cleaver (level 10, -5/115 HPs)
             Began as a Coglin Berserker on Mar 4, 2024.
             Was a Priest of Trog.
             Slain by a fire elemental (11 damage)
             ... summoned by a deep elf pyromancer
             ... on level 8 of the Dungeon.
             The game lasted 00:25:43 (9197 turns).

backslashecho the Cleaver (Coglin Berserker)        Turns: 9197, Time: 00:25:44

Health: -5/115     AC: 10    Str: 23    XL:     10   Next: 66%
Magic:  10/10      EV: 11    Int:  9    God:    Trog [***...]
Gold:   257        SH:  0    Dex: 13    Spells: 9/9 levels left

rFire   . . .        H - +3 hand axe {Mei}
rCold   x . .        I - +0 war axe {Ari}
rNeg    . . .        u - +2 ring mail "Qydghana" {Rampage rC- Regen+ Int+3}
rPois   .            (no helmet)
rElec   .            E - +0 cloak
rCorr   .            (no gloves)
SInv    .            h - +0 pair of boots
Will    ++...        (amulet unavailable) Stlth
                     (ring unavailable)
HPRegen 2.19/turn    (ring unavailable)
MPRegen 0.12/turn    (no gizmo)

%: rampage
@: berserking, strong-willed, regenerating, revved, very quick
A: off-hand wielding, slow wielding, warmup strikes, no jewellery
a: Invent Gizmo, Renounce Religion, Berserk, Trog's Hand


You were on level 8 of the Dungeon.
You worshipped Trog.
Trog was most pleased with you.
You visited 1 branch of the dungeon, and saw 8 of its levels.
You also visited: Ossuary.

You collected 419 gold pieces.
You spent 162 gold pieces at shops.

Inventory:

Hand Weapons
 c - a +0 dagger {Hideko}
 y - a +0 heavy war axe {Vicente}
 H - a +3 hand axe (weapon) {Mei}
 I - a +0 war axe (offhand) {Ari}
Missiles
 a - 7 poisoned darts (quivered)
 C - 5 curare-tipped darts
Armour
 h - a +0 pair of boots (worn)
 u - the +2 ring mail "Qydghana" (worn) {Rampage rC- Regen+ Int+3}
   (You found it on level 3 of the Dungeon)

   Int+3:     It affects your intelligence (+3).
   rC-:       It makes you vulnerable to cold.
   Regen+:    It increases your rate of health regeneration.
   Rampage:   It bestows one free step when moving towards enemies.
 w - a +0 plate armour
 E - a +0 cloak (worn)
Wands
 b - a wand of light (8)
 A - a wand of charming (6)
 F - a wand of polymorph (8)
Scrolls
 j - 2 scrolls of fear
 k - 2 scrolls of acquirement {unknown}
 l - 2 scrolls of silence {unknown}
 m - 2 scrolls of immolation {unknown}
 n - 2 scrolls of teleportation
 p - a scroll of revelation {unknown}
 t - 2 scrolls of vulnerability
 v - 2 scrolls of noise
 B - a scroll of blinking
 G - 2 scrolls of amnesia {unknown}
Potions
 d - a potion of resistance
 e - 3 potions of lignification
 f - a potion of ambrosia {unknown}
 g - 2 potions of heal wounds {unknown}
 i - 5 potions of haste
 o - 2 potions of mutation
 q - a potion of degeneration {unknown}
 r - 3 potions of curing
 s - 2 potions of berserk rage {unknown}
 x - a potion of attraction {unknown}
 z - a potion of might {unknown}
 D - 2 potions of cancellation {unknown}


   Skills:
 + Level 6.4 Fighting
 - Level 2.0 Short Blades
 * Level 13.1 Axes
 - Level 5.0 Armour
 - Level 2.0 Dodging
 + Level 3.6 Evocations


You had 9 spell levels left.
You didn't know any spells.
Your spell library was empty.

Dungeon Overview and Level Annotations

Branches:
Dungeon (8/15)             Temple (0/1) D:7         Ossuary (visited)
   Lair: D:8-11

Altars:
Gozag

Shops:
D:1 [   D:2 ?[   D:6 *

Annotations:
D:5 1 runed translucent door, 1 exclusion, Crazy Yiuf
D:6 !two fucking manticores


Innate Abilities, Weirdness & Mutations

You can wield a second weapon in your off-hand.
It takes a long time for you to wield or remove held weapons.
Your first few attacks do less damage.
You cannot equip rings or amulets.


Message History

You regained 3 hp, and now have 65/77 hp.
You regained 2 hp, and now have 67/77 hp.
You regained 2 hp, and now have 69/77 hp.
You feel the effects of Trog's Hand fading.
You regained 2 hp, and now have 71/77 hp.
You regained 2 hp, and now have 73/77 hp.
You regained 2 hp, and now have 75/77 hp.
You throw a poisoned dart.
The poisoned dart closely misses the gnoll sergeant.
Health restored: 77 You rampage towards the gnoll sergeant!
You hit the gnoll sergeant but do no damage.
You hit the gnoll sergeant with your +3 hand axe.
The gnoll sergeant hits you with a +0 spear!
You take 10 damage, and have 67/77 hp.
You barely miss the gnoll sergeant with your +0 war axe.
The gnoll sergeant is moderately wounded.
You slash the gnoll sergeant with your +3 hand axe!
The gnoll sergeant hits you with a +0 spear!
You take 6 damage, and have 61/77 hp.
You hit the gnoll sergeant with your +0 war axe.
The gnoll sergeant is severely wounded.
You slash the gnoll sergeant with your +3 hand axe!
You regained 2 hp, and now have 63/77 hp.
You barely miss the gnoll sergeant with your +0 war axe.
The gnoll sergeant is almost dead.
You hit the gnoll sergeant but do no damage.
Your skin stops crawling.
You feel less strong-willed.
The gnoll sergeant hits you with a +0 spear.
You take 1 damage, and have 62/77 hp.
You hit the gnoll sergeant but do no damage.
The gnoll sergeant is almost dead.
You hit the gnoll sergeant but do no damage.
The gnoll sergeant hits you but does no damage.
You hit the gnoll sergeant but do no damage.
The gnoll sergeant is almost dead.
You hit the gnoll sergeant with your +3 hand axe.
The gnoll sergeant hits you with a +0 spear!
You take 9 damage, and have 54/77 hp.
You barely miss the gnoll sergeant with your +3 hand axe.
The gnoll sergeant is almost dead.
You hit the gnoll sergeant but do no damage.
You hit the gnoll sergeant but do no damage.
The gnoll sergeant is almost dead.
You hit the gnoll sergeant but do no damage.
The gnoll sergeant hits you but does no damage.
You hit the gnoll sergeant but do no damage.
The gnoll sergeant is almost dead.
You hit the gnoll sergeant with your +3 hand axe.
You kill the gnoll sergeant!
Trog accepts your kill. The fire elemental misses you.
You completely miss the fire elemental with your +3 hand axe.
You closely miss the fire elemental with your +0 war axe.
The fire elemental hits you. The fire elemental burns you!
You take 5 damage, and have 52/77 hp.
You barely miss the fire elemental with your +0 war axe.
You miss the fire elemental with your +3 hand axe.
The fire elemental hits you. The fire elemental burns you!
You take 9 damage, and have 43/77 hp.
Your skin crawls.
You feel strong-willed. The fire elemental hits you.
The fire elemental burns you!
You take 7 damage, and have 36/77 hp.
A red film seems to cover your vision as you go berserk!
You feel yourself moving faster!
You feel mighty! The fire elemental hits you. The fire elemental burns you!
The deep elf pyromancer casts a spell.
You now have 43/115 hp.
You slash the fire elemental with your +0 war axe!
The fire elemental is moderately damaged.
You barely miss the fire elemental with your +3 hand axe.
The fire elemental hits you. The fire elemental burns you!
* * * LOW HITPOINT WARNING * * *
You take 10 damage, and have 33/115 hp.
You closely miss the fire elemental with your +0 war axe.
The fire elemental is moderately damaged.
You slash the fire elemental with your +3 hand axe!
The fire elemental disappears in a puff of smoke!
The deep elf pyromancer casts a spell at you.
The bolt of fire hits the fire elemental.
The fire elemental completely resists.
The bolt of fire hits you!!
* * * LOW HITPOINT WARNING * * *
You take 20 damage, and have 13/115 hp.
You rampage towards the fire elemental!
You hit the fire elemental with your +0 war axe.
The fire elemental is lightly damaged.
You barely miss the fire elemental with your +3 hand axe.
The fire elemental hits you.
* * * LOW HITPOINT WARNING * * *
The fire elemental burns you!
* * * LOW HITPOINT WARNING * * *
You take 8 damage, and have 5/115 hp.
You closely miss the fire elemental with your +3 hand axe.
The fire elemental is lightly damaged.
You slash the fire elemental with your +0 war axe!
The deep elf pyromancer gestures wildly while chanting.
The deep elf pyromancer blinks!
The fire elemental hits you. The fire elemental burns you!
You die...

...# ##.## #.....# ...# #.#
###.### ...# #.# #.#####
#.## ##'## #.....# ..#
##...## #####.#
..#####.....#### ## #.#
..))†..........# ##.###.###
##############°###........#
#EE@..e..#.#.#
#§###...##.#.# #○#
##.###.#.# #g# #.##..#.#
#E# #.##.##.# #☼# #.##.##.#
#E# #.......# #.# ####.####
♣ #°### #.#


You could see a deep elf pyromancer and 2 fire elementals.

Vanquished Creatures
  A two-headed ogre (D:8)
  Maurice (D:7)
  Sigmund (D:5)
  A vampire (D:6)
  A wyvern (D:8)
  3 steam dragons
  Edmund (D:5)
  A water moccasin (D:5)
  2 orc warriors
  3 ice beasts
  A sky beast (D:7)
  2 black bears (D:4)
  3 centaurs
  2 ogres
  A kobold brigand (D:5)
  2 phantoms (D:4)
  3 bullfrogs
  3 water moccasin zombies (Ossuary)
  3 scorpions
  2 gnoll sergeants (D:8)
  12 wights
  2 howler monkeys (D:8)
  A bombardier beetle (D:5)
  A centaur zombie (Ossuary)
  3 jellies
  Jessica (D:2)
  5 iguanas
  2 scorpion zombies (Ossuary)
  3 orc wizards
  A gnoll (D:1)
  13 adders
  A shadow imp (D:8)
  A white imp (D:6)
  4 ufetubi (D:7)
  7 adder zombies (Ossuary)
  A ribbon worm (D:2)
  2 dart slugs
  18 orcs
  6 ball pythons
  3 endoplasms
  3 giant cockroaches
  5 gnoll zombies (Ossuary)
  7 goblins
  11 hobgoblins
  7 jackals
  A quokka (D:2)
  3 bats (D:1)
  4 frilled lizards
  A goblin zombie (Ossuary)
  4 hobgoblin zombies (Ossuary)
  8 kobolds
  An orc zombie (Ossuary)
  2 rats
181 creatures vanquished.

Vanquished Creatures (others)
  A centaur (D:8)
1 creature vanquished.

Grand Total: 182 creatures vanquished

Notes
Turn   | Place    | Note
-------+----------+-------------------------------------------
     0 | D:1      | backslashecho the Coglin Berserker began the quest for the
                  | Orb.
     0 | D:1      | Reached XP level 1. HP: 18/18 MP: 1/1
   306 | D:1      | Reached XP level 2. HP: 23/24 MP: 2/2
   306 | D:1      | Found Qiemau's Antique Armour Shop.
   696 | D:1      | Reached skill level 1 in Short Blades
   843 | D:1      | Reached XP level 3. HP: 26/29 MP: 3/3
   940 | D:2      | Noticed Jessica
   948 | D:2      | Killed Jessica
  1139 | D:2      | Reached XP level 4. HP: 35/35 MP: 4/4
  1193 | D:2      | You fall into a shaft and drop 2 floors!
  1199 | D:4      | Noticed a phantom
  1217 | D:4      | Killed a phantom
  1218 | D:4      | Reached skill level 4 in Axes
  1218 | D:4      | Reached XP level 5. HP: 42/42 MP: 5/5
  1253 | D:4      | Noticed a black bear
  1273 | D:4      | Killed a black bear
  1274 | D:4      | Reached skill level 5 in Axes
  1274 | D:4      | Reached XP level 6. HP: 48/48 MP: 6/6
  1487 | D:4      | Found a sand-covered staircase.
  1566 | Ossuary  | Entered an ossuary
  1586 | Ossuary  | Reached ** piety under Trog
  1644 | Ossuary  | Reached XP level 7. HP: 39/55 MP: 7/7
  1828 | Ossuary  | Reached skill level 6 in Axes
  1837 | Ossuary  | Reached skill level 5 in Fighting
  2188 | Ossuary  | Noticed a silent spectre
  2509 | D:2      | Found Faismebb's Magic Scroll Boutique.
  2799 | D:2      | Reached *** piety under Trog
  2940 | D:2      | Found Jodolo's Antique Armour Boutique.
  3371 | D:3      | Identified the +2 ring mail "Qydghana" {Rampage rC- Regen+
                  | Int+3}
  3592 | D:3      | Reached XP level 8. HP: 37/62 MP: 8/8
  4110 | D:4      | Reached skill level 7 in Axes
  4790 | D:5      | Entered Level 5 of the Dungeon
  4917 | D:5      | Noticed Edmund
  4927 | D:5      | Killed Edmund
  5161 | D:5      | Reached skill level 8 in Axes
  5266 | D:5      | Found a runed translucent door.
  5267 | D:5      | Noticed Crazy Yiuf
  5431 | D:2      | Bought a scroll of blinking for 97 gold pieces
  5431 | D:2      | Bought a scroll of identify for 26 gold pieces
  5931 | D:5      | Noticed Sigmund
  5936 | D:5      | Killed Sigmund
  5937 | D:5      | Reached skill level 5 in Armour
  5956 | D:5      | Reached skill level 9 in Axes
  5956 | D:5      | Reached XP level 9. HP: 44/68 MP: 9/9
  6468 | D:5      | Found an opulent altar of Gozag.
  6493 | D:5      | Reached skill level 10 in Axes
  7230 | D:6      | Noticed a manticore
  7231 | D:6      | Noticed a manticore
  7314 | D:6      | Found Duggax's General Store.
  7322 | D:6      | Bought a potion of curing for 39 gold pieces
  7430 | D:7      | Reached skill level 11 in Axes
  7459 | D:7      | Found a staircase to the Ecumenical Temple.
  7558 | D:7      | Noticed Maurice
  7564 | D:7      | Maurice stole a +0 heavy war axe
  7569 | D:7      | Maurice stole 5 curare-tipped darts
  7570 | D:7      | Killed Maurice
  7571 | D:7      | Reached skill level 12 in Axes
  7647 | D:7      | Reached XP level 10. HP: 74/74 MP: 10/10
  8568 | D:8      | Reached skill level 1 in Evocations
  8658 | D:8      | Noticed a two-headed ogre
  8671 | D:8      | Killed a two-headed ogre
  8696 | D:8      | Reached skill level 13 in Axes
  9157 | D:8      | Noticed a deep elf pyromancer
  9196 | D:8      | HP: 5/115 [fire elemental[a deep elf pyromancer] (8)]
  9197 | D:8      | Slain by a fire elemental

Illustrated notes

Levels and vault maps discovered:
D:1:      co_arrival_hexagon_in_a_hexagon, layout_basic, serial_shops,
          nicolae_shop_temple_entry_statues_fountains
D:2:      layout_loops_ring, serial_shops, shop, shop_statue, minmay_puff,
          uniq_jessica
D:3:      layout_loops_corners
D:4:      layout_basic, nicolae_ossuary_entry_plus, hex_large, st_stairs_11
D:5:      cheibrodos_thug_alley, layout_basic,
          nicolae_gozag_cash_rules_everything_around_me, grunt_ministairs_12,
          minivault_27, nicolae_the_louvre, uniq_crazy_yiuf_cottage,
          uniq_edmund, uniq_sigmund
D:6:      layout_cave_pods, serial_shops, nicolae_shop_hallway_stairs,
          minmay_chambers_of_fives
D:7:      layout_basic, minmay_temple_entry_statues_fountains,
          chequers_decorated_corner, minivault_27, uniq_maurice
D:8:      nzn_winding_woodlands_medium [nzn_winding_woodlands_5x5_default,
          nzn_winding_woodlands_5x15_split_checker,
          nzn_winding_woodlands_5x5_cross, nzn_winding_woodlands_5x5_open_star,
          nzn_winding_woodlands_center_pierced_h,
          nzn_winding_woodlands_5x5_closed_star,
          nzn_winding_woodlands_hourglass, nzn_winding_woodlands_5x15_pool,
          nzn_winding_woodlands_5x5_checkerboard], layout_loops_corners

Skill      XL: |  1  2  3  4  5  6  7  8  9 10 |
---------------+-------------------------------+-----
Short Blades   | 1 2 |  2.0
Armour         | 2 3 5 |  5.0
Dodging        | 2 |  2.0
Axes           | 4 5 6 9 12 13 | 13.1
Fighting       | 4 5 6 |  6.4
Evocations     | 3 |  3.6

Action                     |  1- 3 |  4- 6 |  7- 9 | 10-12 || total
---------------------------+-------+-------+-------+-------++-------
  Melee: Hand axe          |    47 |    58 |   481 |   140 ||   726
         Dagger            |    44 |    57 |   453 |   116 ||   670
         War axe           |       |       |       |    15 ||    15
  Throw: Dart              |       |       |       |     1 ||     1
 Invoke: Berserk           |     2 |     3 |     6 |     4 ||    15
         Trog's Hand       |       |       |     4 |     2 ||     6
  Evoke: Wand              |       |     1 |    10 |     2 ||    13
    Use: Scroll            |       |     3 |     7 |       ||    10
   Stab: Sleeping          |     1 |     1 |       |       ||     2
         Invisible         |       |       |     1 |       ||     1
 Armour: Animal skin       |    21 |       |       |       ||    21
         Leather armour    |    15 |    35 |    53 |       ||   103
         Plate armour      |       |       |   223 |       ||   223
         Ring mail         |       |       |    57 |   119 ||   176
  Dodge: Dodged            |    33 |    33 |   180 |    56 ||   302

Table legend: (Time is in decaauts)
 A = Elapsed time spent in this place.
 B = Non-inter-level travel time spent in this place.
 C = Inter-level travel time spent in this place.
 D = Time resting spent in this place.
 E = Time spent auto-exploring this place.
 F = Levels seen in this place.
 G = Mean time per level.
                   A        B        C        D        E       F      G
               +--------+--------+--------+--------+--------+-----+--------+
         Total |   9263 |   8345 |    918 |   1314 |   4883 |   9 | 1029.2 |
       Dungeon |   8608 |   7690 |    918 |    973 |   4852 |   8 | 1076.0 |
       Ossuary |    655 |    655 |      0 |    341 |     31 |   1 |  655.0 |
               +--------+--------+--------+--------+--------+-----+--------+

Top non-repeatable levels by time:
     D:5: 1693 daAuts
     D:4: 1406 daAuts
     D:7: 1167 daAuts
     D:3: 1109 daAuts
     D:1: 1015 daAuts
     D:2: 980 daAuts
 Ossuary: 655 daAuts
     D:8: 637 daAuts
     D:6: 597 daAuts
